 Dungeon Crawl Stone Soup version 0.17-a0-1382-gc46a074 (webtiles) character file.

6064 nuthulu the Protected (level 10, -3/56 HPs)
             Began as a Gargoyle Fighter on June 15, 2015.
             Was a Believer of Okawaru.
             Slain by a queen bee (5 damage)
             ... on level 9 of the Dungeon.
             The game lasted 00:37:26 (10350 turns).

nuthulu the Protected (Gargoyle Fighter)           Turns: 10350, Time: 00:37:27

Health: -3/56      AC: 29    Str: 23    XL:     10   Next: 87%
Magic:  8/10       EV:  8    Int: 13    God:    Okawaru [**....]
Gold:   408        SH: 11    Dex: 11    Spells: 0 memorised, 9 levels left

rFire  + . .     SeeInvis .     a - +0 flail
rCold  x . .     Clarity  .     g - +0 plate armour
rNeg   + . .     SustAt   .     c - +0 shield
rPois  ∞         Gourm    .     u - +1 helmet
rElec  +         Spirit   .     h - +0 cloak
rCorr  .         Warding  .     (no gloves)
rMut   .         Stasis   .     (no boots)
MR     .....                    (no amulet)
Stlth  ..........               k - ring of fire
                                y - +4 ring of intelligence

@: heroism, not resistant to hostile enchantments, extremely unstealthy
A: thin skeletal structure 1, negative energy resistance 1, electricity
resistance, unbreathing, petrification resistance, rot immunity, AC +7
a: Heroism, Renounce Religion


You were on level 9 of the Dungeon.
You worshipped Okawaru.
Okawaru was pleased with you.
You were hungry.

You visited 2 branches of the dungeon, and saw 10 of its levels.

You collected 408 gold pieces.

Inventory:

Hand weapons
 a - a +0 flail (weapon)
Armour
 c - a +0 shield (worn)
 g - a +0 plate armour (worn)
 h - a +0 cloak (worn)
 u - a +1 helmet (worn)
Jewellery
 k - a ring of fire (right hand)
 x - an uncursed ring of ice
 y - a +4 ring of intelligence (left hand)
Magical devices
 f - a wand of polymorph (0)
 i - a wand of digging (3)
 q - a wand of paralysis (12)
Scrolls
 d - 2 scrolls of identify
 n - a scroll of remove curse
 p - a scroll of fear
 s - 2 scrolls of blinking
 t - a scroll of recharging
 v - 2 scrolls of teleportation
Potions
 j - 2 potions of cancellation
 o - 2 potions of brilliance
 r - a potion of flight
Books
 w - a Necronomicon {highlevel, unknown}

   This book is beyond your current level of understanding.

   Spells                             Type                      Level
   a - Haunt                          Necromancy/Summoning         7
   b - Borgnjor's Revivification      Necromancy                   8
   c - Death's Door                   Charms/Necromancy            8
   d - Necromutation                  Transmutation/Necromancy     8
Comestibles
 e - 4 bread rations
 l - 7 meat rations


   Skills:
 - Level 3.2(8.2) Fighting
 * Level 11.3(16.3) Maces & Flails
 * Level 12.6(17.6) Armour
 - Level 3.2(8.2) Shields


You had 9 spell levels left.
You didn't know any spells.

Dungeon Overview and Level Annotations

Branches:
Dungeon (9/15)             Temple (1/1) D:5
   Lair: D:8-11         Orc: D:9-12

Altars:
Ashenzari
Cheibriados
Dithmenos
Elyvilon
Fedhas
Gozag
Kikubaaqudgha
Makhleb
Nemelex Xobeh
Okawaru
Qazlal
Ru
Sif Muna
Trog
Vehumet
Xom
Yredelemnul
Zin
The Shining One


Innate Abilities, Weirdness & Mutations

You are resistant to torment.
Your stone body is resilient (AC +7).
You are immune to poison.
You resist negative energy.
You are resistant to electric shocks.
You can survive without breathing.
You are immune to petrification.
You are immune to rotting.
You have a somewhat thin skeletal structure (Dex +2, Stealth).


Message History

You hit the queen bee.
The queen bee is severely wounded.
The queen bee stings you.
* * * LOW HITPOINT WARNING * * *
Your plate armour prevents you from hitting the queen bee.
The queen bee is severely wounded.
The queen bee stings you but does no damage.
You hit the queen bee but do no damage.
The queen bee is severely wounded.
Your shield and plate armour prevent you from hitting the queen bee.
The queen bee is severely wounded.
You block the queen bee's attack.
You hit the queen bee but do no damage.
The queen bee is severely wounded.
The queen bee stings you.
* * * LOW HITPOINT WARNING * * *
You hit the queen bee.
The queen bee is severely wounded.
The queen bee stings you.
You die...

.....(....#..#.....#######...#
..........#..#......'...###'##
..........#..#......#.......#
...####'###..#......+......##
####...).....#......#......#
.............#......#......#
.............###+##'#......#
............)..............#
##..............@..........#
#..........####y##.........
#..........#...s.####..
#..........#........#
##..........#........#
)...........#........#
............#........#
............#...............
............#...............


You could see a queen bee and a scorpion.

Vanquished Creatures
  Grinder (D:3)
  Prince Ribbit (D:7)
  A blink frog (D:6)
  Sigmund (D:3)
  6 yaks (D:7)
  Eustachio (D:5)
  A water moccasin (D:8)
  3 ice beasts
  A black bear (D:7)
  3 orc warriors
  2 sky beasts
  4 ogres
  A necrophage (D:9)
  6 centaurs (D:7)
  A big kobold (D:8)
  A crocodile (D:8)
  3 giant frogs
  5 scorpions
  18 killer bees (D:9)
  3 wights (D:8)
  5 hounds
  A giant frog zombie (D:9)
  3 jellies
  2 orc priests
  5 orc wizards
  2 centaur skeletons
  3 iguanas
  5 worker ants
  2 hound skeletons
  2 worker ant zombies
  Robin (D:3)
  9 adders
  3 gnolls
  A shadow imp (D:9)
  An ooze (D:7)
  2 worms
  An adder skeleton (D:4)
  6 giant geckos
  13 orcs
  3 bat zombies
  6 giant cockroaches
  17 goblins
  13 hobgoblins
  14 jackals
  17 kobolds
  4 quokkas
  17 bats
  A giant gecko skeleton (D:5)
  5 giant newts
  13 rats
240 creatures vanquished.

Vanquished Creatures (others)
  An orc wizard (D:7)
  A giant cockroach (D:2)
2 creatures vanquished.

Grand Total: 242 creatures vanquished

Notes
Turn   | Place    | Note
--------------------------------------------------------------
     0 | D:1      | nuthulu the Gargoyle Fighter began the quest for the Orb.
     0 | D:1      | Reached XP level 1. HP: 14/14 MP: 1/1
   114 | D:1      | Reached XP level 2. HP: 16/19 MP: 2/2
   284 | D:1      | Reached skill level 4 in Armour
   291 | D:1      | Reached XP level 3. HP: 21/23 MP: 3/3
   719 | D:2      | Found a radiant altar of Vehumet.
   913 | D:2      | Found a white marble altar of Elyvilon.
  1046 | D:2      | Found a stormy altar of Qazlal.
  1309 | D:2      | Reached XP level 4. HP: 24/28 MP: 4/4
  1725 | D:3      | Reached skill level 5 in Armour
  1725 | D:3      | Reached XP level 5. HP: 10/32 MP: 5/5
  2355 | D:3      | Found a burning altar of Makhleb.
  2356 | D:3      | Noticed a blizzard demon
  2371 | D:3      | Found a glowing silver altar of Zin.
  2371 | D:3      | Noticed an angel
  2475 | D:3      | Noticed Grinder
  2494 | D:3      | Killed Grinder
  2494 | D:3      | Reached skill level 5 in Maces & Flails
  2494 | D:3      | Reached skill level 6 in Armour
  2494 | D:3      | Reached XP level 6. HP: 11/37 MP: 6/6
  2726 | D:3      | Noticed Sigmund
  2726 | D:3      | Noticed Robin
  2799 | D:3      | Killed Robin
  2801 | D:3      | Killed Sigmund
  2801 | D:3      | Reached XP level 7. HP: 14/41 MP: 7/7
  2950 | D:3      | Reached skill level 7 in Armour
  3247 | D:3      | Found a faded altar to an unknown god.
  3558 | D:4      | Found a glowing golden altar of the Shining One.
  3999 | D:5      | Entered Level 5 of the Dungeon
  4082 | D:5      | Found a shimmering altar of Xom.
  4161 | D:5      | Reached XP level 8. HP: 22/46 MP: 8/8
  4343 | D:5      | Found a staircase to the Ecumenical Temple.
  4344 | D:5      | Noticed Eustachio
  4351 | Temple   | Entered the Ecumenical Temple
  4489 | D:5      | Killed Eustachio
  4496 | D:5      | Reached skill level 8 in Armour
  4524 | D:5      | Gained mutation: You are dopey. (Int -2) [mutagenic meat]
  4525 | D:5      | Gained mutation: You occasionally shout uncontrollably at your foes. [mutagenic meat]
  4526 | D:5      | Gained mutation: You have a pair of small antennae on your head. [mutagenic meat]
  4677 | D:5      | Gained mutation: You have a somewhat thin skeletal structure (Dex +2, Stealth). [potion of mutation]
  4677 | D:5      | Gained mutation: You expend magic power (3 MP) to strengthen your wands. [potion of mutation]
  4725 | D:5      | Found a shattered altar of Ashenzari.
  4747 | D:5      | Found Ufufipti's Antique Weapon Shop.
  5200 | D:6      | Found a sparkling altar of Nemelex Xobeh.
  5247 | D:6      | Noticed a blink frog
  5247 | D:6      | an ice beast changed into a blink frog
  5294 | D:6      | HP: 1/46 [blink frog (8)]
  5466 | D:6      | Killed a blink frog
  5466 | D:6      | Reached skill level 9 in Armour
  5801 | D:6      | Reached XP level 9. HP: 39/51 MP: 9/9
  6397 | D:6      | Lost mutation: You have a pair of small antennae on your head. [potion of cure mutation]
  6397 | D:6      | Lost mutation: You expend magic power (3 MP) to strengthen your wands. [potion of cure mutation]
  6397 | D:6      | Lost mutation: You are dopey. (Int -2) [potion of cure mutation]
  6397 | D:6      | Lost mutation: You occasionally shout uncontrollably at your foes. [potion of cure mutation]
  6485 | D:6      | Found a bloodstained altar of Trog.
  6657 | D:7      | Reached skill level 10 in Armour
  7044 | D:8      | Noticed Prince Ribbit
  7459 | D:7      | Reached skill level 11 in Armour
  7459 | D:7      | Reached XP level 10. HP: 26/56 MP: 10/10
  7463 | D:7      | Reached skill level 10 in Maces & Flails
  7556 | D:7      | Killed Prince Ribbit
  7828 | D:7      | Found an iron altar of Okawaru.
  7828 | D:7      | Found an opulent altar of Gozag.
  7829 | D:7      | Found a deep blue altar of Sif Muna.
  8136 | D:7      | Became a worshipper of Warmaster Okawaru
  9196 | D:8      | Reached skill level 12 in Armour
  9249 | D:8      | Acquired Okawaru's first power
 10349 | D:9      | HP: 1/56 [queen bee (5)]
 10350 | D:9      | Slain by a queen bee

Vault maps used:
D:1:      minmay_arrival_three_doors
D:2:      fiery_altar_vehumet, overflow_temple_1_default, elyvilon_altar_4
D:3:      grunt_temple_overflow_order_and_chaos_2, ecumenical_altar_2,
          uniq_sigmund, uniq_grinder, uniq_robin
D:4:      tso_oasis_becter
D:5:      xom_teletrap_fun, ashenzari_altar_1, minmay_temple_entry_hall,
          serial_shops, nicolae_shop_stone, first_bread,
          kennysheep_small_circle, uniq_eustachio
D:6:      lightli_temple_of_fire, nemelex_xobeh_ov_fountains_minmay
D:7:      gammafunk_temple_overflow_claw, centaur_isle
D:8:      fountainhead, uniq_prince_ribbit1
D:9:      david_nohive_1, lightli_corner_chamber, uniq_joseph
Temple:   circular_temple_6

Action                   |  1- 3 |  4- 6 |  7- 9 | 10-12 || total
-------------------------+-------+-------+-------+-------++-------
Melee: Flail             |   154 |   174 |   513 |   498 ||  1339
Invok: Heroism           |       |       |       |     1 ||     1
Evoke: Wand              |       |       |     5 |     2 ||     7
  Use: Scroll            |     4 |       |    10 |       ||    14
       Potion            |       |     2 |    14 |       ||    16
  Eat: Chunk             |     1 |     5 |     9 |     2 ||    17
       Bread ration      |       |       |     2 |       ||     2
       Pizza             |       |       |     1 |       ||     1
       Fruit             |       |       |     2 |       ||     2
       Beef jerky        |       |       |     1 |     1 ||     2
       Meat ration       |       |       |       |     1 ||     1
